 Dungeon Crawl Stone Soup version 0.26-a0-689-gc93c913f66 (webtiles) character file.

Game seed: 12232120351800433487

14380 P0NYSLAYSTATION the Spear-Bearer (level 12, -8/154 HPs)
             Began as a Hill Orc Fighter on Oct 13, 2020.
             Was a Priest of Yredelemnul.
             Mangled by a freezing wraith (11 damage)
             ... in an ice cave on Oct 23, 2020.
             The game lasted 01:17:26 (11805 turns).

P0NYSLAYSTATION the Spear-Bearer (HOFi)            Turns: 11805, Time: 01:17:29

Health: -8/154     AC: 29    Str: 22    XL:     12   Next: 15%
Magic:  4/16       EV:  2    Int: 10    God:    Yredelemnul [***...]
Gold:   549        SH: 17    Dex: 16    Spells: 8/11 levels left

rFire    + . .     SeeInvis .   D - +9 lance "Wyrmbane" {slay drac, rPois rF+ rC+ AC+3}
rCold    + . .     Faith    .   c - +1 kite shield
rNeg     + + +     Spirit   .   (armour currently unavailable)
rPois    +         Reflect  +   (helmet currently unavailable)
rElec    .         Harm     .   (cloak currently unavailable)
rCorr    .         Rampage  .   (gloves currently unavailable)
MR       .....     NoTele   +   (boots currently unavailable)
Stlth    ++........             B - amulet of reflection
HPRegen  0.35/turn              M - ring of positive energy
MPRegen  0.15/turn              T - +6 ring of dexterity

@: tree-form, injury mirror, slowed, very slow
A: no striking features
a: Recall Undead Slaves, Injury Mirror, Animate Dead, Renounce Religion


You were in an ice cave.
You worshipped Yredelemnul.
Yredelemnul was most pleased with you.
You were a tree.
You visited 2 branches of the dungeon, and saw 13 of its levels.
You also visited: Ice Cave.

You collected 835 gold pieces.
You spent 286 gold pieces at shops.

Inventory:

Hand Weapons
 i - a +2 dagger of speed
 l - a +2 dagger of venom
 o - a +2 flail of protection
 D - the +9 lance "Wyrmbane" (weapon) {slay drac, rPois rF+ rC+ AC+3}
   (You took it off Maggie on level 6 of the Dungeon)

   It affects your AC (+3).
   It protects you from fire.
   It protects you from cold.
   It protects you from poison.
 E - the +9 trident "Ocaxt" {venom, +Rage rPois Str-3 Dex+8}
   (You found it on level 6 of the Dungeon)

   It poisons the flesh of those it strikes.
   It affects your strength (-3).
   It affects your dexterity (+8).
   It protects you from poison.
   It lets you go berserk.
 G - a +4 battleaxe
 P - a +5 hand crossbow of flaming
Missiles
 e - 45 poisoned darts
 j - 12 boomerangs (quivered)
 X - 2 throwing nets
Armour
 b - a +0 scale mail
 c - a +1 kite shield (worn)
 h - a +1 pair of boots (melded)
 q - the +1 leather armour of the Armoured One {rF+++ rC- Str+4}
   (You found it on level 6 of the Dungeon)

   It affects your strength (+4).
   It renders you almost immune to fire.
   It makes you vulnerable to cold.
 u - a +1 pair of gloves (melded)
 y - a +3 ring mail (melded)
 J - a scarf of invisibility
 Q - a +1 cloak (melded)
 U - a +1 hat of see invisible
 V - a +1 helmet (melded)
Jewellery
 g - a cursed amulet of inaccuracy {unknown}
 B - an amulet of reflection (around neck)
 M - a ring of positive energy (left branch)
 T - a +6 ring of dexterity (right branch)
Wands
 d - a wand of polymorph (7)
 t - a wand of paralysis (15)
 w - a wand of flame (30)
 C - a wand of acid (5)
 Z - a wand of iceblast (9)
Scrolls
 k - a scroll of fear
 s - a scroll of blinking {unknown}
 v - 5 scrolls of remove curse
 x - 2 scrolls of enchant weapon
 A - 2 scrolls of enchant armour
 F - a scroll of silence {unknown}
 H - 2 scrolls of teleportation
 N - 2 scrolls of fog
 R - a scroll of brand weapon {unknown}
Potions
 m - a potion of brilliance
 z - a potion of cancellation
 Y - a potion of curing


   Skills:
 + Level 8.7 Fighting
 - Level 9.8(13.2) Axes
 * Level 12.3(13.2) Polearms
 + Level 2.6 Throwing
 + Level 7.5 Armour
 + Level 3.4 Dodging
 + Level 2.7 Stealth
 + Level 8.1 Shields
 + Level 6.0 Invocations
 + Level 1.2 Evocations


You had 8 spell levels left.
You knew the following spells:

 Your Spells              Type           Power        Failure   Level
a - Confusing Touch       Hex            #.......     95%         3

Your spell library contained the following spells:

 Spells                   Type           Power        Failure   Level
 Gell's Gravitas          Tloc           #.........   95%         3
 Petrify                  Tmut/Erth      #.......     100%        4
 Metabolic Englaciation   Hex/Ice        #.........   100%        5
 Yara's Violent Unravell  Hex/Tmut       #.........   100%        5


Dungeon Overview and Level Annotations

Branches:
Dungeon (12/15)            Temple (1/1) D:6            Lair (0/6) D:10
  IceCv (1/1)
    Orc: D:9-12

Altars:
Ashenzari
Cheibriados
Dithmenos
Elyvilon
Fedhas
Gozag
Hepliaklqana
Kikubaaqudgha
Makhleb
Nemelex Xobeh
Okawaru
Qazlal
Ru
Sif Muna
Trog
Uskayaw
Vehumet
Wu Jian
Xom
Yredelemnul
Zin
The Shining One
Beogh

Shops:
D:4 [   D:8 [   D:10 *

Annotations:
D:6 3 runed translucent doors, lilly's ghost, novice MiMo


Message History

* * * LOW HITPOINT WARNING * * *
The freezing wraith drains your vigour!
You feel yourself slow down. Yredelemnul mirrors your injury!
The freezing wraith is moderately damaged.
You can no longer drain ambient life force.
The freezing wraith hits you.
* * * LOW HITPOINT WARNING * * *
The freezing wraith freezes you! You resist.
* * * LOW HITPOINT WARNING * * *
Yredelemnul mirrors your injury!
You destroy the freezing wraith!
Yredelemnul accepts your kill.
Your Evocations skill increases to level 1!
As you read the scroll of fear, it crumbles to dust.
You assume a fearsome visage.
The freezing wraith is unaffected.
The freezing wraith hits you.
* * * LOW HITPOINT WARNING * * *
The freezing wraith freezes you! You resist.
You die...
Your body rises from the dead as a mindless zombie.

##.. ##..........#
###...
##............
##...#
####.............
#...#
##...............#
#..###
##....###........##
#....## #...###
###...#### ##....##
#..## #####
###...###...#
##...###♣W##
##...###..##
##...###..##
###..W....#
###....## ######


You could see a freezing wraith.

Vanquished Creatures
  Gastronok (D:9)
  Harold (D:9)
  An unseen horror (D:10)
  An ugly thing (D:8)
  Psyche (D:8)
  Joseph (D:7)
  Maurice (D:9)
  2 ice devils (D:12)
  3 freezing wraiths (IceCv)
  A hornet (D:8)
  Prince Ribbit (D:8)
  4 slime creatures (D:12)
  Sigmund (D:3)
  6 yaks (D:10)
  2 wraiths
  Grum (D:9)
  Menkaure (D:6)
  A death yak simulacrum (IceCv)
  A water moccasin (D:9)
  Duvessa (D:5)
  6 ice beasts
  A hornet zombie (D:12)
  An orc warrior (D:10)
  3 sky beasts
  A necrophage (D:10)
  2 phantoms (D:7)
  2 wolves (D:9)
  5 ogres
  3 centaurs
  A big kobold (D:8)
  10 bullfrogs
  2 gnoll sergeants (D:8)
  Dowan (D:5)
  A scorpion (D:9)
  A swamp dragon simulacrum (IceCv)
  3 killer bees (D:9)
  5 wights
  An elephant simulacrum (IceCv)
  3 howler monkeys
  2 bullfrog zombies
  2 centaur zombies
  A quasit (D:5)
  2 orc priests
  3 hounds
  5 jellies
  3 centaur skeletons
  8 orc wizards
  2 iguanas
  Jessica (D:2)
  3 worker ants
  A polar bear simulacrum (IceCv)
  A hound skeleton (D:7)
  A howler monkey zombie (D:8)
  3 gnolls
  13 adders
  2 shadow imps
  7 white imps
  An ufetubus (D:6)
  An ooze (D:2)
  An adder skeleton (D:9)
  An adder zombie (D:9)
  4 worms
  4 dart slugs
  4 leopard geckos
  40 orcs
  2 ball pythons
  8 bats
  7 giant cockroaches
  5 goblins
  7 hobgoblins
  9 jackals
  13 kobolds
  5 quokkas
  6 frilled lizards
  2 quokka zombies
  7 rats
271 creatures vanquished.

Vanquished Creatures (collateral kills)
  Maggie (D:6)
  A water moccasin (D:12)
  An ice beast (D:10)
  An ogre (D:3)
  A scorpion (D:6)
  2 killer bees (D:9)
  2 howler monkeys
  2 wights (D:12)
  An orc wizard (D:6)
  9 orcs
  A hobgoblin (D:3)
  2 kobolds
  A rat (D:3)
25 creatures vanquished.

Vanquished Creatures (others)
  A human zombie (D:8)
  An ogre zombie (D:6)
  A big kobold zombie (D:8)
  An iguana zombie (D:6)
  2 orc zombies
  3 fungi (D:6)
  7 plants
16 creatures vanquished.

Grand Total: 312 creatures vanquished

Notes
Turn   | Place    | Note
-------+----------+-------------------------------------------
     0 | D:1      | P0NYSLAYSTATION the Hill Orc Fighter began the quest for
                  | the Orb.
     0 | D:1      | Reached XP level 1. HP: 19/19 MP: 1/1
   101 | D:1      | Reached XP level 2. HP: 27/27 MP: 2/2
   437 | D:2      | Reached XP level 3. HP: 27/33 MP: 3/3
   492 | D:2      | Found a basalt altar of Yredelemnul.
   502 | D:2      | Became a worshipper of Yredelemnul the Dark
   915 | D:2      | Noticed Jessica
   974 | D:2      | Reached * piety under Yredelemnul
   974 | D:2      | Reached XP level 4. HP: 32/40 MP: 4/4
  1344 | D:2      | Noticed an ogre
  1544 | D:2      | Killed Jessica
  1544 | D:2      | Reached XP level 5. HP: 33/46 MP: 5/5
  1804 | D:2      | Killed an ogre
  1804 | D:2      | Reached skill level 5 in Axes
  1855 | D:2      | Upgraded the game from 0.26-a0-665-gefeb406119 to
                  | 0.26-a0-667-g92642533e4
  1855 | D:2      | Upgraded the game from 0.26-a0-667-g92642533e4 to
                  | 0.26-a0-670-g578ab304f5
  2023 | D:2      | Reached XP level 6. HP: 53/53 MP: 6/6
  2488 | D:3      | Noticed Sigmund
  2530 | D:3      | HP: 2/53 [something (7)]
  2531 | D:3      | Killed Sigmund
  2531 | D:3      | Reached skill level 1 in Dodging
  2531 | D:3      | Reached skill level 1 in Invocations
  2872 | D:3      | Reached XP level 7. HP: 47/60 MP: 7/9
  2929 | D:3      | Reached ** piety under Yredelemnul
  3505 | D:4      | Found an iron altar of Okawaru.
  4095 | D:4      | Reached skill level 5 in Fighting
  4351 | D:4      | Found a bloodstained altar of Trog.
  4612 | D:4      | Reached XP level 8. HP: 68/68 MP: 10/10
  4617 | D:4      | Reached skill level 5 in Armour
  4659 | D:4      | Learned a level 3 spell: Confusing Touch
  4725 | D:4      | Found Simealef's Armour Boutique.
  4769 | D:5      | Entered Level 5 of the Dungeon
  4803 | D:5      | HP: 2/68 [ogre/+0 giant club (18)]
  4803 | D:5      | Reached skill level 5 in Shields
  4814 | D:5      | HP: 3/69 [giant cockroach (1)]
  5023 | D:5      | Found an ancient bone altar of Kikubaaqudgha.
  5025 | D:5      | Found a sparkling altar of Nemelex Xobeh.
  5026 | D:5      | Found a shimmering blue altar of Sif Muna.
  5157 | D:5      | Noticed Duvessa
  5159 | D:5      | Noticed Dowan
  6215 | D:4      | Bought a +0 pair of gloves for 45 gold pieces
  6245 | D:5      | Killed Dowan
  6252 | D:5      | Killed Duvessa
  6252 | D:5      | Reached XP level 9. HP: 75/75 MP: 12/12
  6393 | D:5      | Reached skill level 1 in Throwing
  6472 | D:6      | Noticed Maggie
  6487 | D:6      | Killed Maggie
  6506 | D:6      | Found a staircase to the Ecumenical Temple.
  6529 | D:6      | Got a fine trident
  6530 | D:6      | Identified the +9 trident "Ocaxt" {venom, +Rage rPois Str-3
                  | Dex+8} (You found it on level 6 of the Dungeon)
  6532 | D:6      | Upgraded the game from 0.26-a0-670-g578ab304f5 to
                  | 0.26-a0-682-g294304f6e8
  6563 | Temple   | Entered the Ecumenical Temple
  6866 | D:6      | Reached skill level 1 in Polearms
  6893 | D:6      | Noticed Menkaure
  6904 | D:6      | Killed Menkaure
  6904 | D:6      | Reached skill level 5 in Invocations
  7136 | D:6      | Found a runed translucent gate.
  7136 | D:6      | Found a runed translucent gate.
  7136 | D:6      | Found a runed translucent gate.
  7136 | D:6      | Noticed a kobold demonologist
  7137 | D:6      | Identified the +6 short sword of Ruatweit {venom, rC+ Dex+6
                  | Stlth-}
  7139 | D:6      | Noticed lilly's ghost (novice MiMo)
  7248 | D:6      | Reached skill level 2 in Polearms
  7447 | D:6      | Reached skill level 3 in Polearms
  7455 | D:6      | Got a spiked leather armour
  7477 | D:6      | Identified the +1 leather armour of the Armoured One {rF+++
                  | rC- Str+4} (You found it on level 6 of the Dungeon)
  7590 | D:7      | Noticed Joseph
  7605 | D:7      | Killed Joseph
  7605 | D:7      | Reached skill level 4 in Polearms
  7605 | D:7      | Reached skill level 1 in Stealth
  7841 | D:7      | Reached skill level 5 in Polearms
  7841 | D:7      | Reached XP level 10. HP: 65/84 MP: 13/13
  8779 | D:8      | Noticed Psyche
  8788 | D:8      | Killed Psyche
  8788 | D:8      | Reached skill level 6 in Polearms
  8876 | D:8      | Your ally Psyche died
  8898 | D:8      | Upgraded the game from 0.26-a0-682-g294304f6e8 to
                  | 0.26-a0-689-gc93c913f66
  8953 | D:8      | Noticed a cyan ugly thing
  8953 | D:8      | Noticed Prince Ribbit
  8963 | D:8      | Killed Prince Ribbit
  9013 | D:8      | Reached skill level 7 in Polearms
  9033 | D:8      | Killed a cyan ugly thing
  9390 | D:9      | Noticed Gastronok
  9488 | D:8      | Found Miyl Wommef's Armour Shoppe.
  9722 | D:9      | Killed Gastronok
  9722 | D:9      | Reached skill level 9 in Polearms
  9722 | D:9      | Reached XP level 11. HP: 67/92 MP: 15/15
  9837 | D:9      | Noticed Grum
  9844 | D:9      | Killed Grum
 10081 | D:9      | Noticed Maurice
 10081 | D:9      | Paralysed by Maurice for 6 turns
 10098 | D:9      | Killed Maurice
 10098 | D:9      | Reached *** piety under Yredelemnul
 10136 | D:9      | Found a shimmering altar of Xom.
 10154 | D:9      | Noticed Harold
 10171 | D:9      | Killed Harold
 10171 | D:9      | Reached skill level 10 in Polearms
 10231 | D:9      | Received a gift from Yredelemnul (4 flying skulls)
 10266 | D:9      | Found a roughly hewn altar of Beogh.
 10348 | D:9      | Found a burning altar of Makhleb.
 10348 | D:9      | Found an opulent altar of Gozag.
 10446 | D:10     | Entered Level 10 of the Dungeon
 10449 | D:10     | Found a staircase to the Lair.
 10845 | D:10     | Reached skill level 11 in Polearms
 10881 | D:10     | Found Niakiyst's Assorted Antiques.
 10888 | D:10     | Bought a scroll labeled JUILUR IWIU for 21 gold pieces
 10888 | D:10     | Bought a scroll of identify for 42 gold pieces
 10888 | D:10     | Bought a scroll of enchant armour for 157 gold pieces
 10888 | D:10     | Bought a scroll labeled MIUNUPHIMETIMN for 21 gold pieces
 10927 | D:10     | Killed an unseen horror
 11359 | D:12     | Found a frozen archway.
 11376 | D:12     | Reached skill level 12 in Polearms
 11381 | D:12     | Reached XP level 12. HP: 53/103 MP: 16/16
 11389 | IceCv    | Entered an ice cave
 11397 | IceCv    | Reached **** piety under Yredelemnul
 11804 | IceCv    | HP: 7/154 [freezing wraith (11)]
 11804 | IceCv    | Reached skill level 1 in Evocations
 11805 | IceCv    | HP: 3/154 [freezing wraith (5)]
 11805 | IceCv    | Mangled by a freezing wraith

Illustrated notes

Levels and vault maps discovered:
D:1:      lemuel_arrival_cross, layout_basic, serial_curves, eino_curves_01,
          eino_curves_02, minmay_misc_feat_encased
D:2:      minmay_chambers_of_ones, layout_rooms, yredelemnul_altar_generic,
          minmay_pentomino_p4, uniq_jessica
D:3:      layout_loops_ring, hangedman_glass_teeth, uniq_sigmund
D:4:      minmay_spotlight, layout_loops_corners, kennysheep_little_box,
          okawaru_ov_weapons_minmay, serial_shops, shop, serial_bayou_pond_b,
          minmay_misc_feat_doors, minmay_a_box_with_orc_wizards_in_it
D:5:      layout_cave_pools, gammafunk_temple_overflow_forgotten, sigmund_army,
          uniq_duvessa
D:6:      layout_rooms, minmay_temple_entry_slanted,
          gammafunk_ghost_nasty_kobolds, uniq_menkaure, uniq_maggie
D:7:      layout_basic, uniq_joseph
D:8:      minmay_clustersquares, layout_basic, serial_shops,
          nicolae_shop_waterfront, item_on_display_a, uniq_prince_ribbit1,
          uniq_psyche
D:9:      layout_roguey [special_room_orc], gammafunk_temple_overflow_statue,
          lemuel_round_altar, uniq_harold, uniq_grum, uniq_gastronok,
          uniq_maurice
D:10:     layout_roguey, lair_entry_dummy, serial_shops, shop
D:11:     layout_loops_corners, hiddenorc1_lemuel
D:12:     layout_basic, portal_ice_cave_demonic_guard, hex_medium,
          minmay_misc_feat_enclosed, kennysheep_generic_room_11
Temple:   dshaligram_water_room_temple
IceCv:    ice_cave_small_necro

Skill      XL: |  1  2  3  4  5  6  7  8  9 10 11 12 |
---------------+-------------------------------------+-----
Fighting       | 4 5 6 7 8 |  8.7
Axes           | 3 4 5 6 7 9 |  9.8
Shields        | 4 5 6 7 8 |  8.1
Armour         | 4 5 6 7 |  7.5
Dodging        | 1 2 3 |  3.4
Invocations    | 2 3 4 5 6 |  6.0
Throwing       | 2 |  2.6
Polearms       | 5 9 12 | 12.3
Stealth        | 1 2 |  2.7
Evocations     | 1 |  1.2

Action                   |  1- 3 |  4- 6 |  7- 9 | 10-12 || total
-------------------------+-------+-------+-------+-------++-------
Melee: War axe           |   104 |   140 |   285 |       ||   529
       Lance             |       |       |    79 |   484 ||   563
Throw: Boomerang         |       |     8 |    28 |    11 ||    47
Invok: Animate Remains   |       |     1 |     4 |     7 ||    12
       Injury Mirror     |       |       |     7 |     7 ||    14
       Recall Undead Sla |       |       |     1 |       ||     1
       Drain Life        |       |       |       |     2 ||     2
Evoke: Wand              |       |       |       |    12 ||    12
  Use: Potion            |       |     6 |     7 |     2 ||    15
       Scroll            |       |     5 |     4 |    12 ||    21
 Stab: Sleeping          |       |       |       |     4 ||     4
       Held in net/web   |       |       |       |     3 ||     3
       Distracted        |       |       |       |     1 ||     1
Armor: Scale mail        |    44 |    40 |    92 |       ||   176
       Ring mail         |       |       |    20 |    77 ||    97
Dodge: Dodged            |    35 |    33 |    77 |    57 ||   202
Block: Kite shield       |    65 |    59 |   202 |   177 ||   503
       Reflection        |       |       |     5 |    17 ||    22

Table legend: (Time is in decaauts)
 A = Elapsed time spent in this place.
 B = Non-inter-level travel time spent in this place.
 C = Inter-level travel time spent in this place.
 D = Time resting spent in this place.
 E = Time spent auto-exploring this place.
 F = Levels seen in this place.
 G = Mean time per level.
                   A        B        C        D        E       F      G
               +--------+--------+--------+--------+--------+-----+--------+
         Total |  11756 |  10953 |    803 |   1142 |   6148 |  14 |  839.7 |
       Dungeon |  11186 |  10383 |    803 |   1142 |   5729 |  12 |  932.2 |
        Temple |    182 |    182 |      0 |      0 |    161 |   1 |  182.0 |
      Ice Cave |    386 |    386 |      0 |      0 |    258 |   1 |  386.0 |
               +--------+--------+--------+--------+--------+-----+--------+

Top non-repeatable levels by time:
     D:4: 1603 daAuts
     D:1: 1363 daAuts
     D:6: 1261 daAuts
     D:3: 1180 daAuts
     D:7: 1156 daAuts
     D:5: 1111 daAuts
     D:8: 978 daAuts
     D:2: 951 daAuts
     D:9: 716 daAuts
    D:10: 699 daAuts
   IceCv: 386 daAuts
  Temple: 182 daAuts
    D:12: 136 daAuts
    D:11: 26 daAuts
